 Dungeon Sprint DCSS version 0.26-a0-662-g8b9c6dab81 (webtiles) character file.

Game seed: 10877716275582488486

58 mhtbhm the Digger (level 3, -17/19 HPs)
             Began as a Deep Elf Earth Elementalist on Oct 9, 2020.
             Demolished by a water elemental (18 damage)
             ... in the Dungeon (Sprint III: "The Ten Rune Challenge").
             The game lasted 00:01:38 (225 turns).

mhtbhm the Digger (Deep Elf Earth Elementalist)      Turns: 225, Time: 00:01:39

Health: -17/19     AC:  2    Str:  5    XL:     3   Next: 75%
Magic:  9/12       EV: 14    Int: 20    God:
Gold:   24         SH:  0    Dex: 15    Spells: 7/13 levels left

rFire    . . .     SeeInvis .   (no weapon)
rCold    . . .     Faith    .   (no shield)
rNeg     . . .     Spirit   .   c - +0 robe
rPois    +         Reflect  .   (no helmet)
rElec    .         Harm     .   (no cloak)
rCorr    .         Rampage  .   (no gloves)
MR       +....     NoTele   +   (no boots)
Stlth    ++........             (no amulet)
HPRegen  0.06/turn              (no ring)
MPRegen  0.13/turn              (no ring)

@: no status effects
A: magic resistance 1, poison resistance
a: no special abilities


You were in the Dungeon.
You visited 1 branch You collected 24 gold pieces.

Inventory:

Missiles
 b - 36 stones (quivered)
Armour
 c - a +0 robe (worn)
Scrolls
 a - a scroll of immolation {unknown}
 i - a scroll of blinking
 j - a scroll of fog {unknown}
 k - a scroll of magic mapping {unknown}
 m - a scroll of holy word {unknown}
 n - 2 scrolls of identify
 o - a scroll of remove curse {unknown}
Potions
 d - 4 potions of curing
 e - 2 potions of heal wounds
 f - a potion of haste
 g - 2 potions of magic
 h - a potion of berserk rage
 l - 2 potions of flight
 p - a potion of mutation


   Skills:
 + Level 4.0 Dodging
 + Level 3.5 Stealth
 + Level 5.8 Spellcasting
 + Level 1.1 Transmutations
 + Level 6.7 Earth Magic


You had 7 spell levels left.
You knew the following spells:

 Your Spells              Type           Power        Failure   Level
a - Sandblast             Erth           ####..       1%          1
b - Passwall              Tmut/Erth      ###.....     3%          2
c - Stone Arrow           Conj/Erth      ###...       9%          3

Your spell library contained the following spells:

 Spells                   Type           Power        Failure   Level
 Lee's Rapid Deconstruct  Erth           ####......   19%         5
 Petrify                  Tmut/Erth      ###.....     22%         4


Dungeon Overview and Level Annotations

Branches:
Dungeon (1/1)

Altars:


Innate Abilities, Weirdness & Mutations

You are resistant to hostile enchantments. (MR+)
Your system is resistant to poisons. (rPois)


Message History

Aiming: Sandblast (safe; 1% risk of failure)
Press: ? - help, Shift-Dir - straight line, f/p - water elemental
Aim: a water elemental The blast of sand hits the water elemental!!
The water elemental is severely damaged.
b - 37 stones The water elemental hits you!!
Ouch! That really hurt!
* * * LOW HITPOINT WARNING * * *
Casting: Sandblast (safe; 1% risk of failure)
Confirm with . or Enter, or press ? or * to list all spells.
Aiming: Sandblast (safe; 1% risk of failure)
Press: ? - help, Shift-Dir - straight line, f/p - water elemental
Aim: a water elemental (severely damaged)
The blast of sand hits the water elemental.
The water elemental is severely damaged.
b - 36 stones The water elemental hits you!!
Ouch! That really hurt!
You die...

▓▓▓▓▓▓▓▓▓ ▓▓▓
▓<..#...#### ##.#
▓...#......#####..#
▓..##.......#..#..#
▓##.##.##..)#..#..# #+#+#
##.##.###..##'#..#......
▓#.####.##..###.@E'.⌠....
▓.###..##..####...#...###
▓#.....##†.###†...# ⌠.#
###..##...##.....# .#
##..##....#......# #
#..###..##.#.....# #..#
#.. ####....# ▓▓▓▓ ▓▓▓
▓▓▓▓▓▓


You could see a water elemental.

Vanquished Creatures
  Jessica (D)
  A human (D)
  2 oozes (D)
  A phantom (D)
  A rat (D)
6 creatures vanquished.

Vanquished Creatures (others)
  A plant (D)
1 creature vanquished.

Grand Total: 7 creatures vanquished

Notes
Turn   | Place    | Note
-------+----------+-------------------------------------------
     0 | D        | mhtbhm the Deep Elf Earth Elementalist began the quest for
                  | the Orb.
     0 | D        | Reached XP level 1. HP: 10/10 MP: 6/6
     8 | D        | Reached skill level 4 in Earth Magic
    39 | D        | Reached XP level 2. HP: 15/15 MP: 6/8
    45 | D        | Learned a level 2 spell: Passwall
    69 | D        | Noticed Jessica
    73 | D        | Killed Jessica
    73 | D        | Reached skill level 6 in Earth Magic
    73 | D        | Reached XP level 3. HP: 19/19 MP: 8/11
   116 | D        | Learned a level 3 spell: Stone Arrow
   119 | D        | Reached skill level 5 in Spellcasting
   149 | D        | Gained mutation: Your magical capacity is low. (-10% MP)
                  | [potion of mutation]
   149 | D        | Gained mutation: You have a pair of small antennae on your
                  | head. [potion of mutation]
   149 | D        | Gained mutation: You are partially covered in yellow
                  | scales. (AC +2) [potion of mutation]
   150 | D        | Lost mutation: Your magical capacity is low. (-10% MP)
                  | [potion of mutation]
   150 | D        | Lost mutation: You are partially covered in yellow scales.
                  | (AC +2) [potion of mutation]
   150 | D        | Lost mutation: You have a pair of small antennae on your
                  | head. [potion of mutation]
   150 | D        | Gained mutation: You occasionally shout uncontrollably at
                  | your foes. [potion of mutation]
   150 | D        | Gained mutation: You are somewhat resistant to further
                  | mutation. [potion of mutation]
   152 | D        | Lost mutation: You occasionally shout uncontrollably at
                  | your foes. [potion of mutation]
   152 | D        | Lost mutation: You are somewhat resistant to further
                  | mutation. [potion of mutation]
   152 | D        | Gained mutation: You are robust. (+10% HP) [potion of
                  | mutation]
   152 | D        | Lost mutation: You are robust. (+10% HP) [potion of
                  | mutation]
   152 | D        | Gained mutation: You have sharp toenails. [potion of
                  | mutation]
   152 | D        | Gained mutation: You are partially covered in rugged brown
                  | scales. (AC +1, +3% HP) [potion of mutation]
   153 | D        | Lost mutation: You have sharp toenails. [potion of
                  | mutation]
   153 | D        | Lost mutation: You are partially covered in rugged brown
                  | scales. (AC +1, +3% HP) [potion of mutation]
   153 | D        | Gained mutation: Your system is resistant to poisons.
                  | (rPois) [potion of mutation]
   153 | D        | Gained mutation: You are resistant to hostile enchantments.
                  | (MR+) [potion of mutation]
   221 | D        | Noticed a water elemental
   225 | D        | Demolished by a water elemental

Illustrated notes

Levels and vault maps discovered:
D:        dungeon_sprint_mu [sprint_mu_entry_cave, sprint_mu_temple_rooms,
          sprint_mu_d1_horrors, sprint_mu_d2_genie, sprint_mu_d3_branching,
          sprint_mu_orc_legion, sprint_mu_elf_gauntlet, sprint_mu_hive_nellie,
          sprint_mu_lair_fedhas, sprint_mu_vaults_butterflies,
          sprint_mu_slime_circle, sprint_mu_swamp_cave, sprint_mu_snake_twists,
          sprint_mu_blade_basic, sprint_mu_crypt_chambers,
          sprint_mu_tomb_spiral, sprint_mu_vestibule_basic,
          sprint_mu_gehenna_hellfire, sprint_mu_dis_giant,
          sprint_mu_tartarus_statrot, sprint_mu_cocytus_islands, sprint_mu_zot1]

Skill      XL: |  1  2  3 |
---------------+----------+-----
Earth Magic    | 4 6 |  6.7
Dodging        | 3 4 |  4.0
Stealth        | 3 |  3.5
Spellcasting   | 4 5 |  5.8
Transmutations | |  1.1

Action                   || total
-------------------------++-------
 Cast: Sandblast         ||    17
       Stone Arrow       ||     1
  Use: Potion            ||     4
Dodge: Dodged            ||     5

Table legend: (Time is in decaauts)
 A = Elapsed time spent in this place.
 B = Non-inter-level travel time spent in this place.
 C = Inter-level travel time spent in this place.
 D = Time resting spent in this place.
 E = Time spent auto-exploring this place.
 F = Levels seen in this place.
 G = Mean time per level.
                   A        B        C        D        E       F      G
               +--------+--------+--------+--------+--------+-----+--------+
         Total |    225 |    225 |      0 |    112 |     14 |   1 |  225.0 |
       Dungeon |    225 |    225 |      0 |    112 |     14 |   1 |  225.0 |
               +--------+--------+--------+--------+--------+-----+--------+

Top non-repeatable levels by time:
       D: 225 daAuts
